 Dungeon Crawl Stone Soup version 0.26.0-10-g1f06aea511 (webtiles) character file.

Game seed: 17085807551713904171

1691 jiml777 the Magician (level 8, -3/53 HPs)
             Began as a Demonspawn Air Elementalist on Jan 14, 2021.
             Slain by Maggie
             ... wielding a +2 broad axe of flaming
              (4 damage)
             ... on level 6 of the Dungeon.
             The game lasted 01:10:59 (6942 turns).

jiml777 the Magician (Demonspawn Air Elementalist)  Turns: 6942, Time: 01:11:00

Health: -3/53      AC:  9    Str:  8    XL:     8   Next: 72%
Magic:  1/17       EV: 13    Int: 21    God:
Gold:   31         SH:  0    Dex: 15    Spells: 3/19 levels left

rFire    . . .     SeeInvis .   j - +2 hunting sling (flame)
rCold    . . .     Faith    .   (no shield)
rNeg     . . .     Spirit   .   a - +0 robe
rPois    .         Reflect  .   B - +1 helmet {Int+3}
rElec    .         Harm     .   t - +0 cloak
rCorr    .         Rampage  .   (no gloves)
Will     .....                  (no boots)
Stlth    +++.......             (no amulet)
HPRegen  1.17/turn              r - ring of stealth
MPRegen  0.15/turn              (no ring)

@: sluggish, mesmerised, very slow
A: iridescent scales 2, demonic guardian 1, powered by death 1
a: no special abilities


You were on level 6 of the Dungeon.
You visited 2 branches of the dungeon, and saw 7 of its levels.

You collected 212 gold pieces.
You spent 181 gold pieces at shops.

Inventory:

Hand Weapons
 j - a +2 hunting sling of flaming (weapon)
 A - a +5 scimitar
Missiles
 b - 4 curare-tipped darts
 d - 48 poisoned darts
 i - 78 arrows
 o - 45 sling bullets (quivered ammo)
Armour
 a - a +0 robe (worn)
 t - a +0 cloak (worn)
 B - a +1 helmet of intelligence (worn)
Jewellery
 q - an uncursed ring of ice
 r - a ring of stealth (left hand)
 u - an uncursed amulet of faith
Wands
 v - a wand of disintegration (11)
 z - a wand of acid (7)
Scrolls
 g - a scroll of fog
 h - a scroll of teleportation
 k - a scroll of immolation {unknown}
 l - a scroll of magic mapping {unknown}
 n - 2 scrolls of blinking {unknown}
 s - 2 scrolls of enchant armour {unknown}
 x - 2 scrolls of enchant weapon {unknown}
 y - 3 scrolls of remove curse
Potions
 c - 2 potions of resistance
 e - 2 potions of mutation
 f - a potion of lignification
 w - a potion of heal wounds {unknown}


   Skills:
 - Level 0.3 Fighting
 + Level 0.7 Short Blades
 + Level 2.2 Slings
 + Level 2.5 Dodging
 + Level 2.4 Stealth
 + Level 6.2 Spellcasting
 + Level 4.1 Conjurations
 * Level 2.9 Translocations
 + Level 6.0 Air Magic


You had 3 spell levels left.
You knew the following spells:

 Your Spells              Type           Power        Failure   Level
a - Shock                 Conj/Air       100%         1%          1
b - Swiftness             Air            31%          1%          2
c - Static Discharge      Conj/Air       27%          3%          3
d - Airstrike             Air            15%          9%          4
e - Lightning Bolt        Conj/Air       13%          32%         5
f - Apportation           Tloc           38%          2%          1

Your spell library contained the following spells:

 Spells                   Type           Power        Failure   Level
 Animate Skeleton         Necr           12%          10%         1
 Corona                   Hex            6%           10%         1
 Summon Small Mammal      Summ           24%          10%         1


Dungeon Overview and Level Annotations

Branches:
Dungeon (6/15)             Temple (1/1) D:4

Altars:
Ashenzari
Cheibriados
Dithmenos
Elyvilon
Gozag
Hepliaklqana
Kikubaaqudgha
Makhleb
Ru
Trog
Vehumet
Wu Jian
Yredelemnul
Zin
The Shining One

Shops:
D:5 [

Annotations:
D:3 1 runed translucent door
D:6 Maggie


Innate Abilities, Weirdness & Mutations

You are mostly covered in iridescent scales. (AC +4)
A weak demonic guardian rushes to your aid.
You regenerate a little health from kills.


Message History

Your white imp freezes the ogre.
The ogre dies!
Your Air Magic skill increases to level 6!
Fire: 47 sling bullets
Press: ? - help, Q - select action, (/) - cycle Shift-Dir - straight line, f - Maggie
Aim: Maggie, wielding a +2 broad axe of flaming and wearing +2 acid dragon scales (lightly wounded, mesmerising)
You shoot a sling bullet. The sling bullet hits Maggie!
The sling bullet burns Maggie.
Maggie is moderately wounded.
Your white imp closely misses Maggie.
Fire: 46 sling bullets
Press: ? - help, Q - select action, (/) - cycle Shift-Dir - straight line, f/p - Maggie
Aim: Maggie, wielding a +2 broad axe of flaming and wearing +2 acid dragon scales (moderately wounded, mesmerising)
You shoot a sling bullet. The sling bullet hits Maggie.
The sling bullet burns Maggie.
Maggie is moderately wounded.
Maggie hits you with a +2 broad axe of flaming!
* * * LOW HITPOINT WARNING * * *
Maggie burns you.
You die...

..... .)) #†## #..# ##.##
#..# #.# ##.###.#
#######>@##.# #......5@##.#
#.........#.# #.........#.#
#.........#.#############
#........................
#..........#..#############
#..........#..# #
#....#######..# # #....
##.#############


You could see Maggie (mesmerising) and a friendly white imp (summoned).

Vanquished Creatures
  Prince Ribbit (D:5)
  An ice beast (D:5)
  An ogre (D:4)
  3 centaurs
  3 wights (D:5)
  3 hounds
  3 bullfrog skeletons
  2 orc priests
  A centaur skeleton (D:4)
  A human skeleton (D:3)
  Jessica (D:2)
  An iguana (D:5)
  3 orc wizards
  5 worker ants
  3 gnolls (D:5)
  5 adders
  2 white imps (D:6)
  2 ufetubi (D:6)
  An ooze (D:3)
  3 adder skeletons
  2 adder zombies (D:5)
  6 worms
  The ghost of boopsy the Covert, a weakling GnDe (D:3)
  2 dart slugs
  6 leopard geckos
  7 orcs
  2 ball pythons
  4 giant cockroaches
  9 goblins
  7 hobgoblins
  10 jackals
  6 quokkas
  7 bats
  7 frilled lizards
  A jackal zombie (D:3)
  5 kobolds
  9 rats
136 creatures vanquished.

Vanquished Creatures (collateral kills)
  An ogre (D:6)
  2 bullfrogs
  A scorpion (D:5)
  A howler monkey (D:4)
  2 orcs (D:6)
7 creatures vanquished.

Grand Total: 143 creatures vanquished

Notes
Turn   | Place    | Note
-------+----------+-------------------------------------------
     0 | D:1      | jiml777 the Demonspawn Air Elementalist began the quest for
                  | the Orb.
     0 | D:1      | Reached XP level 1. HP: 13/13 MP: 3/3
   352 | D:1      | Gained mutation: A weak demonic guardian rushes to your
                  | aid. [demonic ancestry]
   352 | D:1      | Reached XP level 2. HP: 14/19 MP: 0/5
  1104 | D:2      | Found an ornate altar of the Wu Jian Council.
  1117 | D:2      | Gained mutation: You regenerate a little health from kills.
                  | [demonic ancestry]
  1117 | D:2      | Reached XP level 3. HP: 23/24 MP: 0/6
  1533 | D:2      | Learned a level 2 spell: Swiftness
  1537 | D:2      | Learned a level 3 spell: Static Discharge
  2059 | D:2      | Noticed Jessica
  2063 | D:2      | Killed Jessica
  2064 | D:2      | Reached XP level 4. HP: 30/30 MP: 4/8
  2365 | D:3      | Noticed a bullfrog
  2370 | D:3      | Killed a bullfrog
  2601 | D:3      | Gained mutation: You are partially covered in iridescent
                  | scales. (AC +2) [demonic ancestry]
  2601 | D:3      | Reached XP level 5. HP: 28/35 MP: 4/9
  2655 | D:3      | Learned a level 4 spell: Airstrike
  2666 | D:3      | Noticed boopsy's ghost (weakling GnDe)
  2670 | D:3      | Found a runed translucent gate.
  2670 | D:3      | Found a runed translucent gate.
  2670 | D:3      | Found a runed translucent gate.
  2935 | D:3      | Noticed a centaur
  2945 | D:3      | Killed a centaur
  3320 | D:3      | Gained mutation: You are mostly covered in iridescent
                  | scales. (AC +4) [demonic ancestry]
  3320 | D:3      | Reached XP level 6. HP: 40/41 MP: 6/11
  3593 | D:3      | Found a runed translucent door.
  3593 | D:3      | Noticed a human
  3596 | D:3      | Found a basalt altar of Yredelemnul.
  3705 | D:3      | Found a glowing silver altar of Zin.
  3940 | D:3      | Killed boopsy's ghost
  4231 | D:4      | Found a staircase to the Ecumenical Temple.
  4252 | Temple   | Entered the Ecumenical Temple
  4814 | D:4      | Found a sacrificial altar of Ru.
  4951 | D:4      | Found a broken altar of Ashenzari.
  4979 | D:4      | Reached XP level 7. HP: 47/47 MP: 2/13
  5256 | D:4      | Reached skill level 5 in Air Magic
  5360 | D:4      | Found a burning altar of Makhleb.
  5450 | D:5      | Entered Level 5 of the Dungeon
  5516 | D:5      | Reached skill level 5 in Spellcasting
  5522 | D:5      | Learned a level 5 spell: Lightning Bolt
  5524 | D:5      | Learned a level 1 spell: Apportation
  5586 | D:5      | Reached skill level 1 in Translocations
  5641 | D:5      | Reached skill level 1 in Slings
  5648 | D:5      | Reached XP level 8. HP: 24/52 MP: 0/15
  5782 | D:5      | Found a broken altar of Ashenzari.
  5797 | D:5      | Found a glowing golden altar of the Shining One.
  6164 | D:5      | Found Areijoorch's Armour Boutique.
  6167 | D:5      | Bought a +1 helmet of intelligence for 181 gold pieces
  6181 | D:5      | Noticed Prince Ribbit
  6225 | D:5      | Killed Prince Ribbit
  6910 | D:6      | Noticed Maggie
  6942 | D:6      | HP: 1/53 [Maggie/+2 broad axe of flaming (13)]
  6942 | D:6      | Slain by Maggie

Illustrated notes

Levels and vault maps discovered:
D:1:      mrwooster_arrival_statue_2, layout_basic, serial_bayou_pond_e
D:2:      layout_basic, nicolae_overflow_crystal_walls, uniq_jessica
D:3:      minmay_skewed_foursquare, layout_basic,
          nicolae_overflow_hidden_temple, gammafunk_ghost_split,
          dk_yredelemnul_ordeal
D:4:      layout_basic, hangedman_ru_absence, lemuel_crystal_altar,
          minmay_temple_entry_offerings, cheibrodos_ashenzari_chains
D:5:      layout_cave_pools, overflow_temple_1_default,
          overflow_temple_1_default, serial_shops, kennysheep_mini_moat,
          uniq_prince_ribbit1
D:6:      layout_basic, kennysheep_generic_room_4, uniq_maggie
Temple:   nicolae_temple_figure_zero

Skill      XL: |  1  2  3  4  5  6  7  8 |
---------------+-------------------------+-----
Air Magic      | 3 4 5 6 |  6.0
Dodging        | 2 |  2.5
Conjurations   | 2 3 4 |  4.1
Spellcasting   | 3 4 5 6 |  6.2
Stealth        | 2 |  2.4
Translocations | 1 2 |  2.9
Slings         | 1 2 |  2.2
Fighting       | |  0.3
Short Blades   | |  0.7

Action                   |  1- 3 |  4- 6 |  7- 9 || total
-------------------------+-------+-------+-------++-------
Melee: Short sword       |    22 |     3 |       ||    25
       Unarmed           |     1 |       |       ||     1
 Fire: Hunting sling     |       |    10 |    46 ||    56
 Cast: Shock             |    77 |   131 |    68 ||   276
       Airstrike         |       |     1 |    17 ||    18
       Swiftness         |       |       |     1 ||     1
  Use: Potion            |     1 |       |     4 ||     5
       Scroll            |     4 |     5 |     1 ||    10
Armor: Robe              |     9 |     9 |    14 ||    32
Dodge: Dodged            |    47 |    35 |    41 ||   123
